 Dungeon Crawl Stone Soup version 0.19-a0-475-gfca3800 (webtiles) character file.

442 Leszczynek the Changer (level 7, 0/43 HPs)
             Began as an Octopode Transmuter on June 4, 2016.
             Was an Initiate of Hepliaklqana.
             Killed from afar by a goblin (15 damage)
             ... with a wand of lightning
             ... on level 4 of the Dungeon.
             The game lasted 00:13:17 (3694 turns).

Leszczynek the Changer (Octopode Transmuter)        Turns: 3694, Time: 00:13:17

Health: 0/43       AC:  6    Str:  9    XL:     7   Next: 2%
Magic:  10/10      EV: 14    Int: 20    God:    Hepliaklqana [......]
Gold:   224        SH:  0    Dex: 14    Spells: 3 memorised, 4 levels left

rFire  . . .     SeeInvis .     g - +2 quarterstaff (protect)
rCold  . . .     Gourm    .     (shield currently unavailable)
rNeg   . . .     Faith    .     (helmet restricted)
rPois  .         Spirit   .     (no amulet)
rElec  .         Dismiss  .     s - +4 ring of intelligence
rCorr  .         Reflect  .     (no ring)
SustAt .         Harm     .     (no ring)
MR     .....                    (no ring)
Stlth  +++.......               (no ring)
                                (no ring)
                                (no ring)
                                (no ring)

@: not resistant to hostile enchantments, fairly stealthy
A: almost no armour, amphibious, 8 rings, constrict 8, camouflage 1, gelatinous
body 1
a: Recall Ancestor, Ancestor Identity, Renounce Religion


You were on level 4 of the Dungeon.
You worshipped Hepliaklqana.
Hepliaklqana was noncommittal.
You were not hungry.

You visited 2 branches of the dungeon, and saw 5 of its levels.

You collected 224 gold pieces.

Inventory:

Hand Weapons
 g - a +2 quarterstaff of protection (weapon)
Missiles
 a - 13 arrows
 f - 6 poisoned javelins
 h - 6 needles of paralysis
 l - 2 javelins
 p - 7 javelins of returning (quivered)
Jewellery
 s - a +4 ring of intelligence (left tentacle)
Scrolls
 e - 4 scrolls of remove curse
 i - a scroll of fog {unknown}
 j - 2 scrolls of identify
 o - a scroll of magic mapping {unknown}
 q - a scroll of enchant weapon {unknown}
Potions
 d - a potion of curing
 k - a potion of heal wounds
 r - 2 potions of cancellation
Books
 b - a book of Changes

   Spells                             Type                      Level
   a - Beastly Appendage              Transmutation                1
   b - Sticks to Snakes               Transmutation                2
   c - Spider Form                    Transmutation/Poison         3
   d - Ice Form                       Ice/Transmutation            4
   e - Blade Hands                    Transmutation                5
Comestibles
 c - 6 bread rations
 m - 3 chunks of flesh
 n - 3 meat rations
 t - a beef jerky


   Skills:
 + Level 1.6 Fighting
 + Level 4.1 Dodging
 - Level 2.2 Stealth
 - Level 3.4 Unarmed Combat
 - Level 2.0 Spellcasting
 - Level 4.8 Transmutations
 - Level 3.0 Poison Magic


You had 4 spell levels left.
You knew the following spells:

 Your Spells              Type           Power        Failure   Level  Hunger
a - Beastly Appendage     Tmut           ###...       2%          1    #......
b - Sticks to Snakes      Tmut           ###.....     3%          2    ##.....
c - Spider Form           Tmut/Pois      ###.......   12%         3    ###....


Dungeon Overview and Level Annotations

Branches:
Dungeon (4/15)             Temple (1/1) D:4

Altars:
Ashenzari
Cheibriados
Dithmenos
Elyvilon
Gozag
Hepliaklqana
Makhleb
Nemelex Xobeh
Okawaru
Qazlal
Ru
Sif Muna
Trog
Uskayaw
Vehumet
Yredelemnul
Zin
The Shining One

Annotations:
D:4 exclusions: orc priest and orc wizard


Innate Abilities, Weirdness & Mutations

You cannot wear most types of armour.
You are amphibious.
You can wear up to eight rings at the same time.
You can use your tentacles to constrict eight enemies at once.
Your skin changes colour to match your surroundings (Stealth+).
Your rubbery body absorbs attacks. (AC +1)


Message History

You start resting.
Your transformation is almost over.
Unknown command.
You start resting.
Magic restored.
You start waiting.
Your transformation has ended.
Your +2 quarterstaff of protection unmelds from your body.
You feel protected!
Unknown command.
You start waiting.
Lucius emerges from the mists of memory!
Unknown command.
A goblin comes into view. It is wielding a dagger.
The goblin shouts!
An adder comes into view.
The goblin zaps a wand.
The bolt of lightning hits you!
Ouch! That really hurt!
The bolt of lightning hits you!
You die...

#......# #.#
#......# ..
#......##### .#
#.###(.)......#
...##.. #.........#
.......##.........#
........#.........#
........#R........#
#@.##...#####
.......#.##...#
.......#..#...#
.....S.##.#...#
....... .....#
..g.... ... .# #
....... .... #
....>.. ....# #


You could see an adder (wandering), a goblin and the friendly Lucius the
ancestor.

Vanquished Creatures
  Sigmund (D:3)
  An ogre (D:4)
  A hound (D:4)
  Ijyb (D:3)
  A worker ant (D:4)
  4 adders (D:2)
  2 oozes
  An adder skeleton (D:4)
  3 dart slugs
  A giant gecko (D:4)
  6 orcs
  5 bats
  2 giant cockroaches
  7 goblins
  9 hobgoblins
  10 jackals
  6 kobolds
  A quokka (D:3)
  2 ball pythons
  6 giant newts
  A quokka skeleton (D:4)
  11 rats
82 creatures vanquished.

Vanquished Creatures (collateral kills)
  An adder (D:2)
  An adder skeleton (D:4)
  A giant gecko (D:2)
  2 orcs
  A hobgoblin (D:3)
6 creatures vanquished.

Vanquished Creatures (others)
  An ancestor (D:4)
1 creature vanquished.

Grand Total: 89 creatures vanquished

Notes
Turn   | Place    | Note
--------------------------------------------------------------
     0 | D:1      | Leszczynek the Octopode Transmuter began the quest for the Orb.
     0 | D:1      | Reached XP level 1. HP: 13/13 MP: 3/3
    39 | D:1      | HP: 1/13 [giant cockroach (2)]
   393 | D:1      | Reached XP level 2. HP: 5/18 MP: 5/5
   643 | D:1      | Reached skill level 1 in Stealth
   649 | D:1      | Learned a level 2 spell: Sticks to Snakes
  1059 | D:1      | Reached XP level 3. HP: 16/23 MP: 6/6
  1069 | D:1      | Learned a level 3 spell: Spider Form
  1480 | D:2      | Reached skill level 1 in Poison Magic
  1500 | D:2      | Found a sparkling altar of Nemelex Xobeh.
  1707 | D:2      | Reached XP level 4. HP: 26/28 MP: 7/7
  2485 | D:3      | Noticed Ijyb
  2496 | D:3      | Reached XP level 5. HP: 25/33 MP: 2/8
  2560 | D:3      | Killed Ijyb
  2642 | D:3      | Found a bloodstained altar of Trog.
  2698 | D:3      | Noticed Sigmund
  2791 | D:3      | Found an opulent altar of Gozag.
  2911 | D:3      | Found a hide-covered altar of Uskayaw.
  2959 | D:3      | Killed Sigmund
  2959 | D:3      | Reached XP level 6. HP: 38/38 MP: 2/9
  2996 | D:3      | Found a snail-covered altar of Cheibriados.
  3046 | D:3      | no no no
  3046 | D:3      | no chei
  3046 | D:3      | not without any AC
  3109 | D:4      | Found a bloodstained altar of Trog.
  3286 | D:4      | Found a staircase to the Ecumenical Temple.
  3323 | Temple   | Entered the Ecumenical Temple
  3393 | Temple   | Became a worshipper of Hepliaklqana
  3498 | D:4      | Found a shattered altar of Ashenzari.
  3631 | D:4      | Reached XP level 7. HP: 43/43 MP: 7/10
  3694 | D:4      | Killed from afar by a goblin

Vault maps used:
D:1:      tarquinn_simple_flora_water_d
D:2:      overflow_temple_1_default, kennysheep_pointless_box
D:3:      lemuel_coloured_pillars_altar, old_standard_altar, lemuel_round_altar,
          first_bread, trog_three_pillars_becter, uniq_iyjb, uniq_sigmund
D:4:      ashenzari_altar_1, minmay_temple_entry_mist, trog_butcher_becter
Temple:   water_room_temple_b_12

Skill      XL: |  1  2  3  4  5  6 |
---------------+-------------------+-----
Stealth        | 2 |  2.2
Poison Magic   | 1 2 3 |  3.0
Transmutations | 3 4 |  4.8
Dodging        | 3 4 |  4.1
Fighting       | |  1.6
Unarmed Combat | |  3.4
Spellcasting   | |  2.0

Action                   |  1- 3 |  4- 6 |  7- 9 || total
-------------------------+-------+-------+-------++-------
Melee: Unarmed           |    91 |    35 |       ||   126
       Constrict         |    17 |    19 |       ||    36
       Tentacles         |    15 |     9 |       ||    24
       Kick              |     5 |     1 |       ||     6
       Punch             |     1 |     3 |       ||     4
       Quarterstaff      |       |    61 |       ||    61
Throw: Javelin           |       |     1 |       ||     1
 Cast: Beastly Appendage |     5 |     3 |       ||     8
       Sticks to Snakes  |     1 |    12 |       ||    13
       Spider Form       |       |     3 |       ||     3
  Use: Potion            |       |     2 |       ||     2
       Scroll            |       |     4 |       ||     4
 Stab: Sleeping          |     8 |     6 |       ||    14
       Distracted        |     1 |       |       ||     1
  Eat: Chunk             |     3 |     8 |       ||    11
Armor: Skin              |     1 |    21 |       ||    22
Dodge: Dodged            |    37 |    62 |       ||    99
